 Dungeon Crawl Stone Soup version 0.30-a0-652-gcc886f7154 (webtiles) character file.

Game seed: 15736375981236994706

44 wormed the Grasshopper (level 3, -8/25 HPs)
             Began as an Octopode Warper on Jan 18, 2023.
             Mangled by an ogre
             ... wielding a +0 giant club
              (23 damage)
             ... on level 3 of the Dungeon.
             The game lasted 00:02:21 (1302 turns).

wormed the Grasshopper (Octopode Warper)            Turns: 1302, Time: 00:02:22

Health: -8/25      AC:  8    Str:  6    XL:     3   Next: 62%
Magic:  15/15      EV: 13    Int: 17    God:
Gold:   93         SH:  0    Dex: 13    Spells: 6/6 levels left

rFire   . . .      SeeInvis .    o - +3 dagger "Vifrapsi" {protect, rN++ Str-4 Dex+2 Stlth+}
rCold   . . .      Faith    .    (no shield)
rNeg    + + .      Spirit   .    (helmet restricted)
rPois   .          Reflect  .    (no amulet)
rElec   .          Harm     .    k - ring of magical power
rCorr   +          Rampage  .    c - ring of resist corrosion
Will    .....                    (no ring)
Stlth   +++                      (no ring)
HPRegen 0.24/turn                (no ring)
MPRegen 0.14/turn                (no ring)
                                 (no ring)
                                 (no ring)

@: under a protective aura
A: almost no armour, amphibious, 8 rings, camouflage 1, gelatinous body 1,
(nimble swimmer 1), tentacles
a: no special abilities


You were on level 3 of the Dungeon.
You visited 1 branch of the dungeon, and saw 3 of its levels.

You collected 93 gold pieces.

Inventory:

Hand Weapons
 o - the +3 dagger "Vifrapsi" (weapon) {protect, rN++ Str-4 Dex+2 Stlth+}
   (You found it on level 3 of the Dungeon)

   Str:       It affects your strength (-4).
   Dex:       It affects your dexterity (+2).
   rN:        It greatly protects you from negative energy.
   Stlth:     It makes you more stealthy.
Missiles
 b - 3 boomerangs of dispersal (quivered)
 j - 3 poisoned darts
Jewellery
 c - a ring of resist corrosion (right tentacle)
 k - a ring of magical power (left tentacle)
Scrolls
 a - 2 scrolls of blinking
 d - a scroll of fog
 i - a scroll of identify {unknown}
 l - a scroll of noise {unknown}
 m - a scroll of brand weapon {unknown}
 n - a scroll of poison {unknown}
Potions
 e - a potion of heal wounds {unknown}
 f - a potion of brilliance {unknown}
 g - a potion of lignification {unknown}
 h - a potion of attraction {unknown}


   Skills:
 + Level 2.4 Fighting
 + Level 1.7 Throwing
 + Level 2.7 Dodging
 + Level 2.4 Unarmed Combat
 + Level 2.3 Spellcasting
 - Level 3.0 Translocations


You had 6 spell levels left.
You didn't know any spells.
Your spell library contained the following spells:

 Spells                   Type           Power      Damage    Failure   Level
 Blink                    Tloc           24%        N/A       9%          2
 Lesser Beckoning         Tloc           24%        N/A       9%          2
 Teleport Other           Tloc           12%        N/A       16%         3
 Vhi's Electric Charge    Tloc/Air       14%        N/A       30%         3
 Manifold Assault         Tloc           12%        N/A       47%         4


Dungeon Overview and Level Annotations

Branches:
Dungeon (3/15)

Altars:

Annotations:
D:2 Sigmund


Innate Abilities, Weirdness & Mutations

You cannot wear most types of armour.
You are amphibious.
You can wear up to eight rings at the same time.
Your skin changes colour to match your surroundings (Stealth+).
Your rubbery body absorbs attacks. (AC +1, EV +1)
((You are camouflaged when in or above water. (Stealth+)))
You have tentacles for arms and can constrict up to eight enemies at once.


Message History

The goblin closely misses you. The goblin hits you but does no damage.
The goblin barely misses you.
You completely miss the goblin.
The goblin is moderately wounded.
You constrict the goblin. The goblin hits you with a +0 club.
The goblin barely misses you. The goblin hits you with a +0 dagger.
You hit the goblin.
You kill the goblin!
The goblin hits you but does no damage. x2
You barely miss the ogre. The ogre closely misses you.
The goblin hits you but does no damage. The goblin misses you.
You hit the ogre.
The ogre is lightly wounded.
The goblin hits you but does no damage. The goblin closely misses you.
You hit the ogre.
The ogre is lightly wounded.
The ogre closely misses you. The goblin hits you but does no damage.
The goblin hits you with a +0 dagger.
You hit the ogre but do no damage. Your squeeze misses the ogre.
The ogre is lightly wounded.
The goblin hits you but does no damage. The ogre closely misses you.
The goblin hits you with a +0 dagger.
You hit the ogre.
The ogre is lightly wounded.
The goblin hits you with a +0 dagger. x2
Throw: 4 boomerangs (disperse)
Press: ? - help, Q - select action, (/) - cycle Shift-Dir - straight line, f - ogre
Aim: an ogre, wielding a +0 giant club (lightly wounded, 73% to hit)
You throw a boomerang of dispersal.
The boomerang of dispersal hits the ogre.
The ogre blinks!
The ogre is moderately wounded.
The goblin hits you but does no damage. x2
The goblin attacks as you move away! The goblin hits you but does no damage.
The ogre barely misses you. The goblin attacks as you move away!
The goblin misses you. The ogre attacks as you move away!
The ogre hits you with a +0 giant club!!
Ouch! That really hurt!
You die...

##...########.########
.......# #.# ######..
##.# ##. #####..#
.##(..#.## ..#.g(#.#
###)..#.# #g##.#
#.g@.# ##O..# #####


You could see an ogre and 2 goblins.

Vanquished Creatures
  A dart slug (D:3)
  An orc (D:3)
  2 endoplasms (D:1)
  4 giant cockroaches
  7 goblins
  A hobgoblin (D:2)
  5 ball pythons
  7 bats
  2 frilled lizards
  3 kobolds (D:1)
  6 rats (D:1)
39 creatures vanquished.

Notes
Turn   | Place    | Note
-------+----------+-------------------------------------------
     0 | D:1      | wormed the Octopode Warper began the quest for the Orb.
     0 | D:1      | Reached XP level 1. HP: 14/14 MP: 3/3
    88 | D:1      | Reached XP level 2. HP: 19/19 MP: 5/5
   207 | D:1      | Found a faded altar of an unknown god.
   594 | D:1      | Reached XP level 3. HP: 24/24 MP: 6/6
  1140 | D:2      | Noticed Sigmund
  1249 | D:3      | Identified the +3 dagger "Vifrapsi" {protect, rN++ Str-4
                  | Dex+2 Stlth+}
  1286 | D:3      | Noticed an ogre
  1302 | D:3      | Mangled by an ogre

Illustrated notes

Levels and vault maps discovered:
D:1:      onia_arrival_handbag, layout_basic,
          shapermc_ecumenical_altar_starsandcircs
D:2:      layout_basic, minmay_hexomino_p4, uniq_sigmund
D:3:      layout_rooms, minmay_ogre_servants

Action                   || total
-------------------------++-------
Melee: Unarmed           ||    59
       Constrict         ||    16
       Tentacles         ||    11
       Dagger            ||    11
       Punch             ||     1
Throw: Boomerang         ||     4
  Use: Scroll            ||     3
 Stab: Sleeping          ||    16
       Distracted        ||     1
Armor: Skin              ||    19
Dodge: Dodged            ||    46

Table legend: (Time is in decaauts)
 A = Elapsed time spent in this place.
 B = Non-inter-level travel time spent in this place.
 C = Inter-level travel time spent in this place.
 D = Time resting spent in this place.
 E = Time spent auto-exploring this place.
 F = Levels seen in this place.
 G = Mean time per level.
                   A        B        C        D        E       F      G
               +--------+--------+--------+--------+--------+-----+--------+
         Total |   1299 |   1232 |     67 |      0 |    958 |   3 |  433.0 |
       Dungeon |   1299 |   1232 |     67 |      0 |    958 |   3 |  433.0 |
               +--------+--------+--------+--------+--------+-----+--------+

Top non-repeatable levels by time:
     D:1: 958 daAuts
     D:2: 188 daAuts
     D:3: 152 daAuts
